 Dungeon Crawl Stone Soup version 0.27-a0-906-g0a00ce863d (webtiles) character file.

Game seed: 5155288392367975474

123722 robertstho the Protected (level 16, -11/125 HPs)
             Began as a Gnoll Ice Elementalist on Apr 7, 2021.
             Was a Priest of Sif Muna.
             Mangled by a wolf spider (15 damage)
             ... on level 4 of the Spider Nest.
             The game lasted 01:53:02 (54171 turns).

robertstho the Protected (Gnoll Ice Elementalist)  Turns: 54171, Time: 01:53:03

Health: -11/125    AC: 19    Str: 12    XL:     16   Next: 91%
Magic:  16/32      EV: 19    Int: 11    God:    Sif Muna [***...]
Gold:   647        SH:  0    Dex: 16    Spells: 16/39 levels left

rFire    + . .     SeeInvis +   Q - +7 quarterstaff "Emymutola" {vorpal, Will+}
rCold    . . .     Faith    .   (shield currently unavailable)
rNeg     . . .     Spirit   .   V - +5 robe of Night {Dark Will+ SInv}
rPois    +         Reflect  +   n - +1 helmet
rElec    +         Harm     .   b - +2 cloak {rPois}
rCorr    .         Rampage  .   S - +2 pair of gloves
Will     ++++.                  z - +0 pair of boots {Stlth+}
Stlth    +++.......             m - amulet of reflection
HPRegen  0.30/turn              F - ring "Vennu" {rF+ Str+4 Int-5 Dex+2 SInv}
MPRegen  0.23/turn              d - ring "Asseuc" {rElec Will+ Int-4 SInv}

@: confused, lethally poisoned (-11 -> -45), ambrosia-drunk, slowed, studying
Armour, very slow
A: fangs 1, strong nose, distributed training
a: Renounce Religion, Channel Magic, Forget Spell


You were on level 4 of the Spider Nest.
You worshipped Sif Muna.
Sif Muna was most pleased with you.
You visited 6 branches of the dungeon, and saw 29 of its levels.
You also visited: Ice Cave.

You collected 3104 gold pieces.
You spent 2457 gold pieces at shops.

Inventory:

Hand Weapons
 o - a +4 scimitar of flaming
 M - the +0 falchion "Pemurin" {freeze, +Inv Str+2}
   (You found it on level 11 of the Dungeon)

   It has been specially enchanted to freeze those struck by it, causing extra
   injury to most foes and up to half again as much damage against particularly
   susceptible opponents.
   It can also slow down cold-blooded creatures.
   It affects your strength (+2).
   It lets you turn invisible.
 Q - the +7 quarterstaff "Emymutola" (weapon) {vorpal, Will+}
   (You bought it in a shop on level 2 of the Orcish Mines)

   It inflicts extra damage upon your enemies.
   It increases your willpower.
 R - the +0 staff of Battle
   (You acquired it on level 13 of the Dungeon)
Missiles
 f - 5 curare-tipped darts
Armour
 b - a +2 cloak of poison resistance (worn)
 n - a +1 helmet (worn)
 z - a +0 pair of boots of stealth (worn)
 O - +0 acid dragon scales
 S - a +2 pair of gloves (worn)
 V - the +5 robe of Night (worn) {Dark Will+ SInv}
   (You bought it in a shop on level 2 of the Orcish Mines)

   It lets you see invisible.
   It increases your willpower.
Jewellery
 d - the ring "Asseuc" (right hand) {rElec Will+ Int-4 SInv}
   (You acquired it on level 2 of the Spider Nest)

   [ring of willpower]

   It affects your intelligence (-4).
   It insulates you from electricity.
   It lets you see invisible.
   It increases your willpower.
 l - a ring of protection from cold
 m - an amulet of reflection (around neck)
 r - a ring of ice
 x - a +4 ring of slaying
 y - a ring of positive energy
 B - a +6 ring of dexterity
 E - a ring of wizardry
 F - the ring "Vennu" (left hand) {rF+ Str+4 Int-5 Dex+2 SInv}
   (You found it on level 1 of the Spider Nest)

   [ring of protection from fire]

   It affects your strength (+4).
   It affects your intelligence (-5).
   It affects your dexterity (+2).
   It protects you from fire.
   It lets you see invisible.
 G - a +4 ring of evasion
 L - an amulet of regeneration
 W - a ring of resist corrosion
Wands
 a - a wand of iceblast (27)
 e - a wand of charming (7)
 v - a wand of mindburst (44)
 H - a wand of acid (20)
 T - a wand of digging (12)
Scrolls
 i - 5 scrolls of holy word
 p - 3 scrolls of silence
 s - 2 scrolls of enchant weapon
 A - 2 scrolls of immolation
 C - 2 scrolls of enchant armour
 N - 3 scrolls of fog
Potions
 c - 3 potions of attraction
 g - 3 potions of mutation
 h - 5 potions of flight
 j - 4 potions of magic
 k - 3 potions of cancellation
 q - a potion of might
 u - 4 potions of haste
 D - 5 potions of brilliance
 P - 5 potions of lignification
 U - 2 potions of resistance
Miscellaneous
 J - a box of beasts
 K - a condenser vane


   Skills:
 + Level 11.1 Fighting
 + Level 11.1 Short Blades
 + Level 11.1 Long Blades
 + Level 11.1 Axes
 + Level 11.1 Maces & Flails
 + Level 11.1 Polearms
 + Level 11.1 Staves
 + Level 11.1 Slings
 + Level 11.1 Bows
 + Level 11.1 Crossbows
 + Level 11.1 Throwing
 + Level 14.7 Armour
 + Level 11.9 Dodging
 + Level 11.8 Stealth
 + Level 11.1 Shields
 + Level 11.1 Unarmed Combat
 + Level 12.0 Spellcasting
 + Level 9.5 Conjurations
 + Level 9.5 Hexes
 + Level 9.5 Summonings
 + Level 9.5 Necromancy
 + Level 9.5 Translocations
 + Level 9.5 Transmutations
 + Level 9.5 Fire Magic
 + Level 11.6 Ice Magic
 + Level 9.5 Air Magic
 + Level 9.5 Earth Magic
 + Level 9.5 Poison Magic
 + Level 12.0 Invocations
 + Level 11.1 Evocations


You had 16 spell levels left.
You knew the following spells:

 Your Spells              Type           Power      Damage    Failure   Level
a - Freeze                Ice            100%       1d11      1%          1
b - Frozen Ramparts       Ice            64%        1d8       1%          3
c - Ozocubu's Armour      Ice            32%        N/A       1%          3
d - Hailstorm             Conj/Ice       29%        3d8       1%          4
e - Summon Ice Beast      Ice/Summ       29%        N/A       1%          4
f - Airstrike             Air            13%        N/A       1%          4
g - Swiftness             Air            27%        N/A       1%          2
h - Blink                 Tloc           N/A        N/A       1%          2

Your spell library contained the following spells:

 Spells                   Type           Power      Damage    Failure   Level
 Animate Skeleton         Necr           54%        N/A       1%          1
 Apportation              Tloc           54%        N/A       1%          1
 Beastly Appendage        Tmut           54%        N/A       1%          1
 Corona                   Hex            30%        N/A       1%          1
 Magic Dart               Conj           100%       1d8       1%          1
 Pain                     Necr           100%       1d9       1%          1
 Shock                    Conj/Air       100%       1d9       1%          1
 Summon Small Mammal      Summ           100%       N/A       1%          1
 Call Imp                 Summ           27%        N/A       1%          2
 Ensorcelled Hibernation  Hex/Ice        58%        N/A       1%          2
 Searing Ray              Conj           54%        3d5       1%          2
 Slow                     Hex            27%        N/A       1%          2
 Wereblood                Tmut           27%        N/A       1%          2
 Confusing Touch          Hex            27%        N/A       1%          3
 Conjure Flame            Conj/Fire      27%        6-21      1%          3
 Dazzling Flash           Conj/Hex       54%        N/A       1%          3
 Gell's Gravitas          Tloc           13%        N/A       1%          3
 Lesser Beckoning         Tloc           13%        N/A       1%          3
 Mephitic Cloud           Conj/Pois/Air  27%        N/A       1%          3
 Portal Projectile        Hex/Tloc       54%        N/A       1%          3
 Spider Form              Tmut/Pois      13%        N/A       1%          3
 Static Discharge         Conj/Air       27%        N/A       1%          3
 Teleport Other           Tloc           27%        N/A       1%          3
 Tukima's Dance           Hex            27%        N/A       1%          3
 Vampiric Draining        Necr           13%        2d7       1%          3
 Animate Dead             Necr           13%        N/A       1%          4
 Fulminant Prism          Conj/Hex       13%        3d9       1%          4
 Ice Form                 Ice/Tmut       29%        N/A       1%          4
 Iskenderun's Mystic Bla  Conj/Tloc      27%        2d7       1%          4
 Petrify                  Tmut/Erth      27%        N/A       1%          4
 Metabolic Englaciation   Hex/Ice        14%        N/A       3%          5
 Agony                    Necr           27%        N/A       6%          5
 Hydra Form               Tmut           13%        N/A       6%          5
 Lightning Bolt           Conj/Air       13%        1d27      6%          5
 Manifold Assault         Tloc           27%        N/A       6%          5
 Yara's Violent Unravell  Hex/Tmut       13%        3d7       6%          5
 Malign Gateway           Summ/Tloc      13%        N/A       87%         7


Dungeon Overview and Level Annotations

Branches:
Dungeon (15/15)            Temple (1/1) D:6            Lair (6/6) D:11
  Swamp (1/4) Lair:2       Spider (4/4) Lair:2        Slime (0/5) Lair:5
    Orc (2/2) D:9             Elf (0/3) Orc:2        Vaults (0/5) D:13
 Depths (0/5) D:15          IceCv (visited)

Altars:
Ashenzari
Cheibriados
Dithmenos
Elyvilon
Fedhas
Gozag
Hepliaklqana
Kikubaaqudgha
Makhleb
Nemelex Xobeh
Okawaru
Qazlal
Ru
Sif Muna
Trog
Uskayaw
Vehumet
Wu Jian
Xom
Yredelemnul
Zin
The Shining One
Beogh
Lugonu

Shops:
D:10 [   Orc:2 [*=(

Annotations:
D:5 2 runed translucent doors
Spider:2 Roxanne


Innate Abilities, Weirdness & Mutations

You have very sharp teeth.
Your uncanny sense of smell can sniff out nearby items.
Your experience applies equally to all skills.


Message History

The wolf spider completely misses you. The wolf spider hits you.
The wolf spider misses you. The wolf spider barely misses you.
The wolf spider bites you!
You are poisoned.
The wolf spider poisons you! The wolf spider barely misses you. x2
You see here a wand of flame (14).
Unknown command.
Casting: Summon Ice Beast (mildly dangerous; 1% risk of failure)
Confirm with . or Enter, or press ? or * to list all spells.
A chill wind blows around you.
You feel extremely sick. The wolf spider barely misses you.
The wolf spider bites you. The wolf spider closely misses you.
The wolf spider barely misses you. The moth of wrath bites you.
You block the wolf spider's attack. The wolf spider barely misses you.
Your ice beast closely misses the moth of wrath.
You block the moth of wrath's attack.
You feel extremely sick. The wolf spider completely misses you.
The wolf spider bites you. The wolf spider hits you!
The wolf spider misses you.
Your ice beast hits the moth of wrath.
Your ice beast freezes the moth of wrath!
The moth of wrath dies!
Sif Muna accepts your kill. The wolf spider hits you!!
* * * LOW HITPOINT WARNING * * *
The wolf spider barely misses you.
Your ice beast hits the wolf spider.
Your ice beast freezes the wolf spider!
Unknown command.
Okay, then.
You are confused.
You feel invigorated.
* * * LOW HITPOINT WARNING * * *
You feel very sick. The wolf spider misses you. The wolf spider bites you!
* * * LOW HITPOINT WARNING * * *
You are more poisoned.
The wolf spider poisons you! The wolf spider barely misses you.
The wolf spider bites you!
You die...

∆ .......
###......
######......###
#...#........^.
##^.#..........
#^#.....Y.^...
###.....w.....
###....Y†sY##..
###^##.^#..@.#
#.#.†#####.<.##
#............#
##.†.#^.....##
#.#<^###..(..#
# #...#^....##
###.#..^.##
###..## ...#


You could see a torpor snail, a wolf spider (berserk, ally target) and 3
friendly ice beasts.

Vanquished Creatures
  Arachne (Spider:2)
  Rupert (Lair:4)
  Frances (D:14)
  An orc warlord (Orc:2)
  An emperor scorpion (Spider:2)
  A ghost moth (Spider:2)
  An entropy weaver (Spider:3)
  Azrael (D:14)
  Nessos (Orc:2)
  A spark wasp (Spider:3)
  An eleionoma (Swamp:1)
  An ice dragon (Spider:2)
  2 boulder beetles
  2 hydras
  Harold (D:7)
  A vault guard (D:13)
  A ghost crab (Swamp:1)
  4 centaur warriors (D:13)
  2 catoblepae
  4 two-headed ogres
  2 tengu warriors
  An alligator (Swamp:1)
  2 orc high priests
  4 skeletal warriors (D:13)
  A spriggan (Swamp:1)
  A deep troll (D:15)
  10 wolf spiders
  A wizard (D:15)
  2 orc knights (Orc:2)
  5 orb spiders
  An orc sorcerer (Orc:2)
  5 ugly things
  2 oklob plants (Lair:4)
  A will-o-the-wisp (Swamp:1)
  5 elephants
  7 cyclopes
  A black mamba (Lair:3)
  14 cane toads
  A gargoyle (D:13)
  An ice statue (IceCv)
  A torpor snail (Lair:6)
  An unseen horror (D:13)
  2 freezing wraiths
  3 yaktaurs
  A kobold demonologist (D:10)
  5 demonic crawlers
  2 efreet (D:13)
  5 komodo dragons
  An anaconda simulacrum (IceCv)
  An ice devil (IceCv)
  A tengu conjurer (D:15)
  2 golden dragon simulacra (IceCv)
  A troll (shapeshifter) (D:15)
  5 trolls
  3 meliai (D:13)
  20 jumping spiders
  2 hornets
  A wolf spider simulacrum (IceCv)
  5 slime creatures
  4 tyrant leeches (Lair:6)
  2 dream sheep (Lair:6)
  25 blink frogs
  Sigmund (D:5)
  48 redbacks
  2 wyverns
  3 water elementals
  9 yaks
  2 shadows
  24 tarantellas
  2 vampires
  3 wraiths
  2 dire elephant simulacra (IceCv)
  9 vampire mosquitoes
  3 hogs (Lair:5)
  5 fire elementals
  2 death yak simulacra (IceCv)
  3 harpy simulacra (IceCv)
  A steam dragon (D:10)
  4 swamp worms (Swamp:1)
  A warg (Orc:2)
  An acid dragon (D:12)
  An iron troll simulacrum (IceCv)
  2 hydra simulacra (IceCv)
  6 water moccasins
  3 hell hounds
  21 orc warriors
  A sky beast (D:5)
  2 black bears
  An ice beast (D:8)
  4 ogres
  2 ettin simulacra (IceCv)
  10 wolves
  7 centaurs
  A phantom (D:5)
  2 kobold brigands
  A gnoll sergeant (D:9)
  8 bullfrogs
  A wyvern zombie (D:8)
  A scorpion (D:5)
  3 killer bees
  2 wights (D:9)
  3 jellies
  3 electric eels
  A draconian simulacrum (IceCv)
  A bullfrog zombie (D:7)
  A crimson imp (D:7)
  2 centaur zombies
  5 hounds
  A gnoll shaman (D:4)
  Crazy Yiuf (D:3)
  A bullfrog skeleton (D:5)
  9 orc priests
  2 iguanas
  20 orc wizards
  Natasha (D:3)
  3 troll simulacra (IceCv)
  3 spriggan simulacra (IceCv)
  A nameless horror (D:11)
  2 centaur simulacra (IceCv)
  2 howler monkey zombies
  A howler monkey skeleton (D:4)
  2 naga simulacra (IceCv)
  An ogre simulacrum (IceCv)
  8 adders
  9 gnolls
  8 white imps
  7 ufetubi (IceCv)
  An adder skeleton (D:4)
  4 worms
  4 dart slugs
  58 orcs
  11 endoplasms
  5 giant cockroaches
  10 goblins
  4 hobgoblins
  5 jackals
  18 kobolds
  5 quokkas
  8 ball pythons
  5 bats (D:2)
  A frilled lizard (D:2)
  4 rats
634 creatures vanquished.

Vanquished Creatures (collateral kills)
  Jorgrun (Spider:3)
  Kirke (Lair:5)
  Louise (Spider:3)
  Aizul (Spider:3)
  An entropy weaver (Spider:1)
  A spark wasp (Spider:3)
  An ettin (D:15)
  An eleionoma (Swamp:1)
  9 hydras
  A boulder beetle (D:15)
  3 two-headed ogres (D:8)
  2 alligators (Swamp:1)
  A goliath frog (Swamp:1)
  A bog body (Lair:2)
  An orc knight (Orc:2)
  A deep elf pyromancer (D:12)
  An orb spider (Spider:1)
  A manticore (D:15)
  An orc sorcerer (Orc:2)
  2 oklob plants (Lair:4)
  6 wolf spiders
  2 ugly things
  2 cyclopes
  A moth of wrath (Spider:4)
  2 elephants (Lair:6)
  2 black mambas
  9 cane toads
  2 kobold demonologists (D:10)
  An unseen horror (D:13)
  Psyche (D:10)
  3 yaktaurs
  A rime drake (Lair:1)
  2 demonic crawlers
  4 komodo dragons
  2 trolls
  3 jumping spiders (Spider:3)
  2 polar bears
  14 blink frogs
  7 dream sheep (Lair:6)
  4 slime creatures
  16 redbacks
  3 wyverns
  6 yaks
  A water elemental (D:15)
  9 tarantellas
  A hog (Lair:5)
  A swamp worm (Swamp:1)
  A vampire mosquito (Lair:6)
  4 water moccasins
  2 wargs (Orc:2)
  An acid dragon (D:11)
  A hydra simulacrum (IceCv)
  An ice beast (D:7)
  An alligator simulacrum (IceCv)
  10 orc warriors
  A black bear (D:5)
  7 ogres
  A necrophage (D:7)
  4 wolves
  7 bullfrogs
  2 kobold brigands
  2 killer bees (D:9)
  2 wights (D:9)
  3 electric eels
  2 centaur zombies
  3 crimson imps (D:7)
  2 bullfrog zombies
  A draconian simulacrum (IceCv)
  A centaur skeleton (D:6)
  A hound (D:7)
  6 orc priests
  A gnoll shaman (D:7)
  8 orc wizards
  A troll simulacrum (IceCv)
  A nameless horror (D:7)
  A centaur simulacrum (IceCv)
  7 gnolls
  An ogre simulacrum (IceCv)
  2 adders (D:6)
  A shadow imp (D:6)
  2 ufetubi
  22 orcs
  3 goblins (D:9)
  2 kobolds
257 creatures vanquished.

Vanquished Creatures (others)
  A bloated husk (Swamp:1)
  4 demonic plants (D:10)
  6 foxfires (Swamp:1)
  57 fungi
  120 plants
  4 toadstools (D:6)
192 creatures vanquished.

Grand Total: 1083 creatures vanquished

Notes
Turn   | Place    | Note
-------+----------+-------------------------------------------
     0 | D:1      | robertstho the Gnoll Ice Elementalist began the quest for
                  | the Orb.
     0 | D:1      | Reached XP level 1. HP: 13/13 MP: 6/6
    73 | D:1      | Reached XP level 2. HP: 19/19 MP: 7/7
  1056 | D:2      | Reached XP level 3. HP: 4/25 MP: 7/9
  1058 | D:2      | Reached skill level 5 in Spellcasting
  1338 | D:2      | Reached skill level 1 in Invocations
  1507 | D:2      | Reached skill level 1 in Fighting
  1507 | D:2      | Reached skill level 1 in Short Blades
  1507 | D:2      | Reached skill level 1 in Long Blades
  1507 | D:2      | Reached skill level 1 in Axes
  1507 | D:2      | Reached skill level 1 in Maces & Flails
  1507 | D:2      | Reached skill level 1 in Polearms
  1507 | D:2      | Reached skill level 1 in Staves
  1507 | D:2      | Reached skill level 1 in Slings
  1507 | D:2      | Reached skill level 1 in Bows
  1507 | D:2      | Reached skill level 1 in Crossbows
  1507 | D:2      | Reached skill level 1 in Throwing
  1507 | D:2      | Reached skill level 1 in Armour
  1507 | D:2      | Reached skill level 1 in Shields
  1507 | D:2      | Reached skill level 1 in Unarmed Combat
  1507 | D:2      | Reached skill level 1 in Evocations
  1510 | D:2      | Reached XP level 4. HP: 32/32 MP: 9/11
  1578 | D:2      | Found a faded altar of an unknown god.
  1916 | D:2      | Noticed an orc warrior
  1916 | D:2      | Noticed an orc warrior
  1946 | D:1      | Learned a level 3 spell: Frozen Ramparts
  1950 | D:1      | Learned a level 3 spell: Ozocubu's Armour
  1955 | D:1      | Learned a level 4 spell: Hailstorm
  2084 | D:2      | Reached skill level 1 in Conjurations
  2084 | D:2      | Reached skill level 1 in Hexes
  2084 | D:2      | Reached skill level 1 in Summonings
  2084 | D:2      | Reached skill level 1 in Necromancy
  2084 | D:2      | Reached skill level 1 in Translocations
  2084 | D:2      | Reached skill level 1 in Transmutations
  2084 | D:2      | Reached skill level 1 in Fire Magic
  2084 | D:2      | Reached skill level 1 in Air Magic
  2084 | D:2      | Reached skill level 1 in Earth Magic
  2084 | D:2      | Reached skill level 1 in Poison Magic
  2228 | D:2      | Killed an orc warrior
  2229 | D:2      | Reached XP level 5. HP: 12/37 MP: 3/12
  2493 | D:2      | Killed an orc warrior
  2494 | D:2      | Reached XP level 6. HP: 24/44 MP: 0/14
  2788 | D:3      | Found a runed translucent door.
  2789 | D:3      | Noticed Crazy Yiuf
  2970 | D:3      | Found a burning altar of Makhleb.
  3033 | D:3      | Found a bloodstained altar of Trog.
  3041 | D:3      | Reached skill level 5 in Dodging
  3235 | D:3      | Reached skill level 2 in Armour
  3364 | D:3      | Noticed Natasha
  3372 | D:3      | Killed Natasha
  3589 | D:3      | Killed Crazy Yiuf
  3817 | D:4      | Reached XP level 7. HP: 50/50 MP: 2/15
  4336 | D:4      | Found an opulent altar of Gozag.
  4425 | D:4      | Found a radiant altar of Vehumet.
  4933 | D:5      | Entered Level 5 of the Dungeon
  4940 | D:5      | Reached skill level 5 in Stealth
  5356 | D:5      | Noticed Sigmund
  5427 | D:4      | Learned a level 4 spell: Summon Ice Beast
  5732 | D:5      | Found a runed translucent door.
  5747 | D:5      | Noticed a vampire mosquito
  5748 | D:5      | Found a runed translucent door.
  5765 | D:5      | Reached XP level 8. HP: 57/57 MP: 3/16
  5973 | D:5      | Reached skill level 3 in Armour
  5983 | D:5      | Killed Sigmund
  6791 | D:6      | Found an ornate altar of the Wu Jian Council.
  6791 | D:6      | Found a basalt altar of Yredelemnul.
  6799 | D:5      | Reached skill level 4 in Armour
  7022 | D:6      | Reached XP level 9. HP: 55/65 MP: 3/18
  7191 | D:6      | Found a staircase to the Ecumenical Temple.
  7206 | D:6      | Found a white marble altar of Elyvilon.
  7234 | Temple   | Entered the Ecumenical Temple
  7464 | Temple   | Became a worshipper of Sif Muna the Loreminder
  8375 | D:7      | Found a shimmering altar of Xom.
  8682 | D:7      | Reached skill level 5 in Armour
  8695 | D:7      | Killed a large slime creature
  8910 | D:7      | Found a broken altar of Ashenzari.
  8980 | D:7      | Noticed Harold
  8991 | D:7      | Killed Harold
  8992 | D:7      | Reached skill level 5 in Invocations
  9134 | D:7      | Reached * piety under Sif Muna
  9903 | D:7      | Identified a scroll of acquirement
  9909 | D:7      | Acquired 671 gold pieces
 10041 | D:8      | Reached XP level 10. HP: 73/73 MP: 5/20
 10157 | D:8      | Reached skill level 6 in Armour
 10353 | D:8      | Reached skill level 5 in Fighting
 10353 | D:8      | Reached skill level 5 in Short Blades
 10353 | D:8      | Reached skill level 5 in Long Blades
 10353 | D:8      | Reached skill level 5 in Axes
 10353 | D:8      | Reached skill level 5 in Maces & Flails
 10353 | D:8      | Reached skill level 5 in Polearms
 10353 | D:8      | Reached skill level 5 in Staves
 10353 | D:8      | Reached skill level 5 in Slings
 10353 | D:8      | Reached skill level 5 in Bows
 10353 | D:8      | Reached skill level 5 in Crossbows
 10353 | D:8      | Reached skill level 5 in Throwing
 10353 | D:8      | Reached skill level 5 in Shields
 10353 | D:8      | Reached skill level 5 in Unarmed Combat
 10353 | D:8      | Reached skill level 5 in Evocations
 10577 | D:8      | Noticed a two-headed ogre
 10583 | D:8      | Killed a two-headed ogre
 10830 | D:8      | Noticed a two-headed ogre
 10846 | D:8      | Killed a two-headed ogre
 11144 | D:8      | Noticed a two-headed ogre
 11151 | D:8      | Killed a two-headed ogre
 11378 | D:9      | Reached ** piety under Sif Muna
 11530 | D:9      | Reached skill level 7 in Armour
 11758 | D:9      | Noticed a rust devil
 11759 | D:9      | Noticed a kobold demonologist
 11767 | D:9      | Noticed a kobold demonologist
 12145 | D:9      | Found a flagged portal.
 12662 | D:9      | Reached *** piety under Sif Muna
 12774 | D:9      | Noticed a red ugly thing
 12784 | D:9      | Killed a red ugly thing
 13076 | D:9      | Found a staircase to the Orcish Mines.
 13423 | D:10     | Entered Level 10 of the Dungeon
 13430 | D:10     | Reached XP level 11. HP: 81/81 MP: 22/22
 13467 | D:10     | Found a corrupted altar of Lugonu.
 13472 | D:10     | Noticed a sixfirhy
 13783 | D:11     | Noticed a cyclops
 13794 | D:11     | Killed a cyclops
 13849 | D:11     | Noticed a five-headed hydra
 13860 | D:11     | Noticed a cyclops
 13870 | D:11     | Killed a five-headed hydra
 13871 | D:11     | Reached skill level 8 in Armour
 13871 | D:11     | Reached skill level 5 in Conjurations
 13871 | D:11     | Reached skill level 5 in Hexes
 13871 | D:11     | Reached skill level 5 in Summonings
 13871 | D:11     | Reached skill level 5 in Necromancy
 13871 | D:11     | Reached skill level 5 in Translocations
 13871 | D:11     | Reached skill level 5 in Transmutations
 13871 | D:11     | Reached skill level 5 in Fire Magic
 13871 | D:11     | Reached skill level 5 in Air Magic
 13871 | D:11     | Reached skill level 5 in Earth Magic
 13871 | D:11     | Reached skill level 5 in Poison Magic
 13876 | D:11     | Killed a cyclops
 14011 | D:11     | Found a staircase to the Lair.
 14171 | D:11     | Noticed a two-headed ogre
 14182 | D:11     | Killed a two-headed ogre
 14563 | D:11     | Identified the +0 falchion "Pemurin" {freeze, +Inv Str+2}
 15227 | Lair:1   | Entered Level 1 of the Lair of Beasts
 16783 | Lair:2   | Noticed an eight-headed hydra
 16951 | Lair:2   | Killed an eight-headed hydra
 16952 | Lair:2   | Reached skill level 9 in Armour
 17083 | Lair:2   | Found a hole to the Spider Nest.
 17087 | Lair:2   | Noticed an eight-headed hydra
 17108 | Lair:2   | Killed an eight-headed hydra
 17109 | Lair:2   | Reached XP level 12. HP: 11/89 MP: 7/24
 17570 | Lair:2   | Found a staircase to the Swamp.
 18796 | Lair:3   | Noticed an eight-headed hydra
 18810 | Lair:3   | Killed an eight-headed hydra
 19647 | Lair:3   | Reached skill level 10 in Armour
 20048 | Lair:3   | Learned a level 4 spell: Airstrike
 20051 | Lair:3   | Learned a level 2 spell: Swiftness
 20054 | Lair:3   | Learned a level 2 spell: Blink
 20448 | Lair:4   | Noticed a catoblepas
 20460 | Lair:4   | Killed a catoblepas
 20611 | Lair:4   | Noticed Rupert
 20656 | Lair:4   | Killed Rupert
 20659 | Lair:4   | Reached XP level 13. HP: 14/98 MP: 5/26
 21526 | Lair:4   | Found an ornate altar of the Wu Jian Council.
 21526 | Lair:4   | Found a hide-covered altar of Uskayaw.
 22162 | Lair:5   | Found a staircase to the Slime Pits.
 22938 | Lair:5   | Noticed Kirke
 22952 | Lair:5   | Killed Kirke
 23285 | Lair:5   | Reached skill level 11 in Armour
 23559 | Lair:6   | Entered Level 6 of the Lair of Beasts
 23667 | Lair:6   | Reached skill level 10 in Ice Magic
 23977 | Lair:6   | Reached **** piety under Sif Muna
 24584 | Lair:6   | Reached skill level 10 in Spellcasting
 25251 | Lair:6   | Identified the +1 scimitar "Yhagratud" {pain, rElec Stlth+}
 25569 | Lair:6   | Reached XP level 14. HP: 100/106 MP: 8/28
 25585 | Lair:6   | Reached skill level 10 in Dodging
 26528 | D:10     | Noticed Psyche
 26539 | D:10     | Killed Psyche
 26833 | D:10     | Identified the +5 leather armour of the Camelopard {-Cast
                  | rN+ Str+3}
 26939 | D:10     | Found the +3 giant club "Skullcrusher" {speed, Str+7}
 27013 | D:10     | Found Heidet's Armour Emporium.
 27019 | D:10     | Bought a +2 cloak of poison resistance for 259 gold pieces
 27368 | Lair:4   | Reached skill level 12 in Armour
 27383 | Lair:4   | Identified Vedocud's Volume of the Spatial Escort
 27648 | D:12     | Reached skill level 10 in Stealth
 29167 | D:13     | Reached skill level 10 in Invocations
 29427 | D:13     | Identified the +9 great mace "Itekaet" {distort, rPois
                  | Int+2}
 30294 | D:13     | Found a shimmering blue altar of Sif Muna.
 31808 | D:13     | Found a gate to the Vaults.
 31814 | D:13     | Acquired the +0 staff of Battle
 31815 | D:13     | Found the +0 staff of Battle
 32002 | Orc:1    | Entered Level 1 of the Orcish Mines
 33209 | Orc:2    | Entered Level 2 of the Orcish Mines
 33209 | Orc:2    | Found a staircase to the Elven Halls.
 33225 | Orc:2    | Reached XP level 15. HP: 113/115 MP: 3/29
 33714 | Orc:2    | Noticed an orc warlord
 33753 | Orc:2    | HP: 3/115 [orc warlord/bolt (19)]
 34268 | Orc:2    | Noticed Nessos
 34272 | Orc:2    | Killed Nessos
 34709 | Orc:2    | Reached skill level 13 in Armour
 34716 | Orc:2    | Killed an orc warlord
 34870 | Orc:2    | Found Zihev's General Store.
 34876 | Orc:2    | Found Liyfemu's Antique Armour Boutique.
 34884 | Orc:2    | Bought the +5 robe of Night {Dark Will+ SInv} for 1920 gold
                  | pieces
 34884 | Orc:2    | Found the +5 robe of Night {Dark Will+ SInv}
 34910 | Orc:2    | Bought a potion of ambrosia for 80 gold pieces
 34954 | Orc:2    | Found Jylut's Antique Weapon Boutique.
 34970 | Orc:2    | Found Osiwk's Jewellery Boutique.
 35860 | Spider:1 | Entered Level 1 of the Spider Nest
 36616 | Spider:1 | Reached skill level 10 in Fighting
 36616 | Spider:1 | Reached skill level 10 in Short Blades
 36616 | Spider:1 | Reached skill level 10 in Long Blades
 36616 | Spider:1 | Reached skill level 10 in Axes
 36616 | Spider:1 | Reached skill level 10 in Maces & Flails
 36616 | Spider:1 | Reached skill level 10 in Polearms
 36616 | Spider:1 | Reached skill level 10 in Staves
 36616 | Spider:1 | Reached skill level 10 in Slings
 36616 | Spider:1 | Reached skill level 10 in Bows
 36616 | Spider:1 | Reached skill level 10 in Crossbows
 36616 | Spider:1 | Reached skill level 10 in Throwing
 36616 | Spider:1 | Reached skill level 10 in Shields
 36616 | Spider:1 | Reached skill level 10 in Unarmed Combat
 36616 | Spider:1 | Reached skill level 10 in Evocations
 37006 | Spider:1 | Identified the ring "Vennu" {rF+ Str+4 Int-5 Dex+2 SInv}
 38452 | Spider:2 | Found a frozen archway.
 38476 | IceCv    | Entered an ice cave
 41170 | Spider:2 | Noticed Roxanne
 41560 | Spider:2 | Acquired the ring "Asseuc" {rElec Will+ Int-4 SInv}
 41700 | Spider:2 | Noticed an emperor scorpion
 42351 | Spider:2 | Killed an emperor scorpion
 43007 | Spider:3 | Reached XP level 16. HP: 26/123 MP: 17/31
 43570 | Spider:3 | Noticed Arachne
 43625 | Swamp:1  | Entered Level 1 of the Swamp
 45070 | Swamp:1  | Reached skill level 14 in Armour
 45384 | Orc:2    | Bought a twisted quarterstaff for 198 gold pieces
 45384 | Orc:2    | Identified the +7 quarterstaff "Emymutola" {vorpal, Will+}
                  | (You bought it in a shop on level 2 of the Orcish Mines)
 45869 | D:14     | Noticed Azrael
 46134 | D:14     | Killed Azrael
 46264 | D:14     | Noticed Frances
 46283 | D:14     | Killed Frances
 47395 | D:15     | Entered Level 15 of the Dungeon
 48450 | D:15     | Found a staircase to the Depths.
 49903 | Spider:2 | Killed Arachne
 51910 | Spider:3 | Noticed Louise
 51936 | Spider:3 | Killed Louise
 52455 | Spider:3 | Noticed Aizul
 52805 | Spider:3 | HP: 3/125 [Aizul (8)]
 52806 | Spider:3 | Killed Aizul
 53388 | Spider:3 | Noticed Jorgrun
 53398 | Spider:3 | Killed Jorgrun
 53936 | Spider:4 | Entered Level 4 of the Spider Nest
 54171 | Spider:4 | HP: 4/125 [wolf spider (12)]
 54171 | Spider:4 | Mangled by a wolf spider

Illustrated notes

Levels and vault maps discovered:
D:1:      dpeg_arrival_lava_altar, layout_basic
D:2:      layout_rooms, basic_ecumenical_altar, minmay_misc_feat_iff,
          minmay_divided_ellipse
D:3:      layout_basic, lemuel_doored_altar, marbit_many_paths, uniq_natasha,
          uniq_crazy_yiuf_cottage
D:4:      layout_basic, overflow_temple_1_default, overflow_temple_1_default,
          serial_bayou, serial_bayou_ford_a, serial_bayou_shore_b,
          serial_bayou_pond_a, serial_bayou_crossing, minmay_splitting_lines
D:5:      lemuel_insect_pit, layout_loops_ring, minmay_manual_mess, uniq_sigmund
D:6:      layout_rooms, chequers_temple_overflow_statue_of_worship,
          lemuel_crystal_altar, minmay_temple_entry_water_ring, hex_medium,
          minmay_gold_behind_fungi, minivault_27
D:7:      layout_loops_corners, ashenzari_conservatory_becter, led_xom_imps,
          uniq_harold
D:8:      layout_cave_pools, nicolae_underground_beach
D:9:      layout_gridville, hiddenorc1_lemuel, lightli_bailey_entry_fortress
D:10:     kennysheep_kobold_lugonu_temple, layout_basic, serial_shops,
          shop_statue, uniq_joseph, uniq_psyche, uniq_nergalle
D:11:     layout_loops_ring, erik_lair_island
D:12:     layout_roguey
D:13:     layout_roguey, david_vaults_5, drop_trap, led_sif_book
D:14:     layout_rooms, hangedman_abyss_or_decor_stabs, uniq_azrael,
          uniq_frances
D:15:     hangedman_depths_entry_civil_slaughter, layout_gridville,
          chequers_big_river
Temple:   nicolae_temple_figure_eight
Lair:1:   layout_gridlike
Lair:2:   layout_concentric_octagons, skrybe_swamp_entry_bodies,
          spider_nest_entry_rubble
Lair:3:   layout_chaotic_city, beast_lair_carwin_3, grunt_megastairs_5,
          infiniplex_staircase_pool
Lair:4:   layout_small_grid, st_stairs_11, nzn_masters_of_martial_movement,
          minmay_lair_oklob_chamber, uniq_rupert
Lair:5:   layout_loops_ring, minmay_slime_entry_pillars, uniq_kirke
Lair:6:   minmay_lair_end_frog_pond, layout_gridlike
Swamp:1:  layout_basic_swamp, evilmike_swamp_ruin_wall
Spider:1: layout_spider_delve
Spider:2: layout_spider_delve, portal_ice_cave_entry_dragon, drop_trap,
          hangedman_spider_tarantella_strand, uniq_roxanne
Spider:3: layout_spider_delve, uniq_louise, uniq_jorgrun, uniq_arachne,
          uniq_aizul
Spider:4: johnstein_spider_rune_arachne_lair, drop_trap,
          hangedman_spider_mandibles
Orc:1:    layout_caves, nicolae_orc_pool_cavern
Orc:2:    grunt_orc_cross, layout_caves, basic_altar, uniq_nessos

Skill      XL: |  1  2  3  4  5  6  7  8  9 10 11 12 13 14 15 16 |
---------------+-------------------------------------------------+-----
Spellcasting   | 5 6 7 8 9 10 11 12 | 12.0
Invocations    | 1 2 3 4 5 6 7 8 9 10 11 12 | 12.0
Fighting       | 1 2 3 4 5 6 7 8 9 10 11 | 11.1
Short Blades   | 1 2 3 4 5 6 7 8 9 10 11 | 11.1
Long Blades    | 1 2 3 4 5 6 7 8 9 10 11 | 11.1
Axes           | 1 2 3 4 5 6 7 8 9 10 11 | 11.1
Maces & Flails | 1 2 3 4 5 6 7 8 9 10 11 | 11.1
Polearms       | 1 2 3 4 5 6 7 8 9 10 11 | 11.1
Staves         | 1 2 3 4 5 6 7 8 9 10 11 | 11.1
Slings         | 1 2 3 4 5 6 7 8 9 10 11 | 11.1
Bows           | 1 2 3 4 5 6 7 8 9 10 11 | 11.1
Crossbows      | 1 2 3 4 5 6 7 8 9 10 11 | 11.1
Throwing       | 1 2 3 4 5 6 7 8 9 10 11 | 11.1
Armour         | 1 2 4 5 7 9 10 11 12 13 14 | 14.7
Shields        | 1 2 3 4 5 6 7 8 9 10 11 | 11.1
Unarmed Combat | 1 2 3 4 5 6 7 8 9 10 11 | 11.1
Evocations     | 1 2 3 4 5 6 7 8 9 10 11 | 11.1
Conjurations   | 1 2 3 4 5 6 7 8 9 |  9.5
Hexes          | 1 2 3 4 5 6 7 8 9 |  9.5
Summonings     | 1 2 3 4 5 6 7 8 9 |  9.5
Necromancy     | 1 2 3 4 5 6 7 8 9 |  9.5
Translocations | 1 2 3 4 5 6 7 8 9 |  9.5
Transmutations | 1 2 3 4 5 6 7 8 9 |  9.5
Fire Magic     | 1 2 3 4 5 6 7 8 9 |  9.5
Air Magic      | 1 2 3 4 5 6 7 8 9 |  9.5
Earth Magic    | 1 2 3 4 5 6 7 8 9 |  9.5
Poison Magic   | 1 2 3 4 5 6 7 8 9 |  9.5
Dodging        | 5 6 7 8 9 10 11 | 11.9
Stealth        | 5 6 7 8 9 10 11 | 11.8
Ice Magic      | 8 9 10 11 | 11.6

Action                   |  1- 3 |  4- 6 |  7- 9 | 10-12 | 13-15 | 16-18 || total
-------------------------+-------+-------+-------+-------+-------+-------++-------
Melee: Dagger            |     8 |       |       |       |       |       ||     8
       Mace              |    38 |    83 |   162 |    68 |       |       ||   351
       Bite              |     3 |     6 |    11 |    24 |    44 |     6 ||    94
       Punch             |       |       |     1 |     7 |    13 |       ||    21
       Falchion          |       |       |       |    84 |   189 |       ||   273
       Staff             |       |       |       |       |   112 |       ||   112
       Quarterstaff      |       |       |       |       |       |    72 ||    72
 Cast: Freeze            |    12 |     9 |     9 |    20 |    31 |     9 ||    90
       Frozen Ramparts   |       |    10 |    22 |    16 |    34 |    20 ||   102
       Ozocubu's Armour  |       |     5 |     2 |     3 |     1 |       ||    11
       Hailstorm         |       |     2 |    11 |    96 |   270 |   143 ||   522
       Summon Ice Beast  |       |       |    49 |   174 |   353 |   171 ||   747
       Airstrike         |       |       |       |     1 |   336 |    75 ||   412
       Swiftness         |       |       |       |       |     1 |       ||     1
Invok: Channel Magic     |       |       |       |    11 |    62 |    24 ||    97
Evoke: Wand              |       |       |       |       |     9 |     3 ||    12
       Box of beasts     |       |       |       |       |     1 |       ||     1
  Use: Scroll            |       |     6 |    14 |     2 |    14 |    11 ||    47
       Potion            |       |     2 |     1 |     1 |     5 |    13 ||    22
 Stab: Sleeping          |     9 |     8 |     3 |     3 |       |       ||    23
       Distracted        |       |     1 |     2 |     6 |     1 |     1 ||    11
Armor: Robe              |    13 |    33 |    62 |    45 |   133 |   152 ||   438
       Acid dragon scale |       |       |       |     9 |   133 |       ||   142
       Steam dragon scal |       |       |       |       |    15 |       ||    15
Dodge: Dodged            |    43 |    65 |   131 |   231 |   502 |   402 ||  1374
Block: Other             |       |    36 |    57 |    64 |   153 |    99 ||   409
       Reflection        |       |     1 |     1 |     1 |     5 |     5 ||    13
       Rpst.: Falchion   |       |       |       |    24 |    47 |       ||    71

Table legend: (Time is in decaauts)
 A = Elapsed time spent in this place.
 B = Non-inter-level travel time spent in this place.
 C = Inter-level travel time spent in this place.
 D = Time resting spent in this place.
 E = Time spent auto-exploring this place.
 F = Levels seen in this place.
 G = Mean time per level.
                   A        B        C        D        E       F      G
               +--------+--------+--------+--------+--------+-----+--------+
         Total |  54421 |  51684 |   2737 |   9691 |  34975 |  30 | 1814.0 |
       Dungeon |  24693 |  23327 |   1366 |   3356 |  16792 |  15 | 1646.2 |
        Temple |    261 |    205 |     56 |      0 |    204 |   1 |  261.0 |
          Lair |  11580 |  10937 |    643 |    936 |   8412 |   6 | 1930.0 |
         Swamp |   1586 |   1478 |    108 |      0 |   1361 |   1 | 1586.0 |
   Spider Nest |  10172 |   9846 |    326 |   4386 |   4353 |   4 | 2543.0 |
  Orcish Mines |   3805 |   3567 |    238 |     67 |   2950 |   2 | 1902.5 |
      Ice Cave |   2321 |   2321 |      0 |    946 |    901 |   1 | 2321.0 |
               +--------+--------+--------+--------+--------+-----+--------+

Top non-repeatable levels by time:
Spider:2: 5327 daAuts
    D:13: 3222 daAuts
  Lair:6: 2720 daAuts
Spider:1: 2406 daAuts
  Lair:4: 2352 daAuts
   IceCv: 2321 daAuts
    D:11: 2302 daAuts
Spider:3: 2201 daAuts
  Lair:2: 2137 daAuts
   Orc:2: 2042 daAuts
     D:8: 1931 daAuts
    D:15: 1891 daAuts
     D:5: 1880 daAuts
   Orc:1: 1763 daAuts
     D:9: 1752 daAuts
